[ AOE2 MATCH · #480286804 ]
UnrankedTeutons vs Vikings
Player's team · WIN
Rival team · LOSS
[ REPLAY ANALYSIS · EXTRACTED FROM THE RECORDED GAME ]
Feudal
10:46
Castle
15:00
Imperial
34:53
| APM avg | 26.8 |
| APM peak | 88 |
| eAPM avg | 14.5 |
| Villagers / military | 133 / 259 |
Focus
⚔️ 26.7% · 🌾 73.3%
Knight ×135 · Teutonic Knight ×100 · Trebuchet (Packed) ×16 · Monk ×7 · Spearman ×1
Feudal
11:55
Castle
23:28
Imperial
39:51
| APM avg | 26.5 |
| APM peak | 73 |
| eAPM avg | 19.5 |
| Villagers / military | 125 / 264 |
Focus
⚔️ 40.1% · 🌾 59.9%
Berserk ×98 · Spearman ×49 · Archer ×45 · Mangonel ×30 · Battering Ram ×17 · Cavalry Archer ×14
Match map
Initial resources + every placement click. Lines = walls · curves = elevation contours. ◆ gold · ⬟ stone · ● berries · ✦ relic · ◌ wall gap
Your base· ✓ Closed at 15:00 · 0t walls · 2 gate(s)
dominik.feuchti's base· ✓ Closed at 23:28 · 0t walls · 2 gate(s)
Smoothed initial terrain · ◌ = detected wall gap · hover for details
Inputs per minute
— Rev11 - - dominik.feuchti
Build order — Rev11
First 150 of 389 actions detected
| 0:01 | Create | Villager (Male) |
| 0:01 | Create | Villager (Male) |
| 0:01 | Create | Villager (Male) |
| 0:02 | Create | Villager (Male) |
| 0:02 | Create | Villager (Male) |
| 0:02 | Create | Villager (Male) |
| 0:03 | Build | House |
| 0:04 | Build | House |
| 1:34 | Create | Villager (Male) |
| 1:34 | Create | Villager (Male) |
| 1:44 | Build | Lumber Camp |
| 2:02 | Create | Villager (Male) |
| 2:02 | Create | Villager (Male) |
| 2:39 | Create | Villager (Male) |
| 2:39 | Create | Villager (Male) |
| 2:40 | Create | Villager (Male) |
| 3:11 | Create | Villager (Male) |
| 3:12 | Create | Villager (Male) |
| 3:12 | Create | Villager (Male) |
| 3:15 | Build | House |
| 3:48 | Build | House |
| 4:30 | Create | Villager (Male) |
| 4:30 | Create | Villager (Male) |
| 4:30 | Create | Villager (Male) |
| 4:30 | Create | Villager (Male) |
| 5:12 | Build | Barracks |
| 5:23 | Create | Villager (Male) |
| 5:24 | Create | Villager (Male) |
| 6:27 | Create | Villager (Male) |
| 6:27 | Create | Villager (Male) |
| 7:05 | Create | Villager (Male) |
| 7:25 | Create | Villager (Male) |
| 7:43 | Create | Villager (Male) |
| 7:45 | Build | Mill |
| 8:25 | Build | Mining Camp |
| 8:36 | Research | Feudal Age |
| 10:27 | Create | Villager (Male) |
| 10:27 | Create | Villager (Male) |
| 10:46 | Age | Feudal Age |
| 10:56 | Build | Market |
| 11:04 | Build | Blacksmith |
| 12:20 | Research | Castle Age |
| 12:20 | Research | Castle Age |
| 12:44 | Build | Farm |
| 12:47 | Build | Farm |
| 12:48 | Build | Farm |
| 12:52 | Build | Farm |
| 12:57 | Build | Farm |
| 12:57 | Build | Farm |
| 13:02 | Build | Farm |
| 13:06 | Build | Farm |
| 13:20 | Create | Spearman |
| 13:53 | Build | Stable |
| 14:26 | Create | Villager (Male) |
| 14:26 | Create | Villager (Male) |
| 14:29 | Create | Villager (Male) |
| 14:34 | Build | House |
| 14:37 | Build | House |
| 14:39 | Build | House |
| 15:00 | Age | Castle Age |
| 15:18 | Build | Monastery |
| 15:33 | Create | Knight |
| 15:34 | Create | Knight |
| 15:53 | Create | Villager (Male) |
| 15:54 | Create | Villager (Male) |
| 16:09 | Create | Monk |
| 16:36 | Create | Knight |
| 16:44 | Create | Villager (Male) |
| 16:44 | Create | Villager (Male) |
| 16:44 | Create | Villager (Male) |
| 17:05 | Create | Knight |
| 17:05 | Create | Knight |
| 17:32 | Create | Knight |
| 17:32 | Create | Knight |
| 17:45 | Create | Monk |
| 18:01 | Create | Knight |
| 18:01 | Create | Knight |
| 18:06 | Research | Forging |
| 18:12 | Build | House |
| 18:15 | Build | House |
| 18:18 | Create | Villager (Male) |
| 18:18 | Create | Villager (Male) |
| 18:18 | Create | Villager (Male) |
| 18:52 | Build | Farm |
| 18:52 | Build | Farm |
| 18:53 | Build | Farm |
| 18:53 | Build | Farm |
| 18:54 | Build | Farm |
| 19:00 | Create | Knight |
| 19:31 | Create | Villager (Male) |
| 19:32 | Create | Villager (Male) |
| 19:51 | Research | Bloodlines |
| 19:51 | Research | Bloodlines |
| 20:40 | Create | Villager (Male) |
| 20:40 | Create | Villager (Male) |
| 20:40 | Create | Villager (Male) |
| 20:40 | Create | Villager (Male) |
| 20:55 | Build | Town Center |
| 21:32 | Research | Double-Bit Axe |
| 21:35 | Research | Horse Collar |
| 21:39 | Build | Lumber Camp |
| 21:51 | Build | House |
| 21:53 | Build | House |
| 22:01 | Build | House |
| 22:03 | Build | House |
| 22:23 | Create | Villager (Male) |
| 22:23 | Create | Villager (Male) |
| 22:30 | Create | Villager (Male) |
| 22:30 | Create | Villager (Male) |
| 22:31 | Create | Villager (Male) |
| 22:31 | Create | Villager (Male) |
| 22:31 | Create | Villager (Male) |
| 22:35 | Build | Farm |
| 22:35 | Build | Farm |
| 22:36 | Build | Farm |
| 22:36 | Build | Farm |
| 22:40 | Build | Farm |
| 22:40 | Build | Farm |
| 22:49 | Build | Farm |
| 22:50 | Build | Farm |
| 22:55 | Create | Villager (Male) |
| 22:55 | Create | Villager (Male) |
| 23:23 | Create | Villager (Male) |
| 23:23 | Create | Villager (Male) |
| 23:24 | Create | Villager (Male) |
| 23:59 | Build | Town Center |
| 24:02 | Create | Villager (Male) |
| 24:02 | Create | Villager (Male) |
| 24:02 | Create | Villager (Male) |
| 24:36 | Build | Mining Camp |
| 24:39 | Create | Villager (Male) |
| 24:39 | Create | Villager (Male) |
| 24:39 | Create | Villager (Male) |
| 24:55 | Build | Farm |
| 24:55 | Build | Farm |
| 24:56 | Build | Farm |
| 24:56 | Build | Farm |
| 24:57 | Build | Farm |
| 24:59 | Create | Villager (Male) |
| 24:59 | Create | Villager (Male) |
| 25:16 | Build | Mill |
| 25:18 | Build | Farm |
| 25:19 | Build | Farm |
| 25:19 | Build | Farm |
| 25:19 | Build | Farm |
| 25:19 | Build | Farm |
| 25:20 | Build | Farm |
| 25:22 | Create | Villager (Male) |
| 25:22 | Create | Villager (Male) |
| 25:22 | Create | Villager (Male) |
Build order — dominik.feuchti
First 150 of 545 actions detected
| 0:02 | Create | Villager (Male) |
| 0:03 | Create | Villager (Male) |
| 0:03 | Create | Villager (Male) |
| 0:07 | Build | House |
| 0:12 | Build | House |
| 1:01 | Create | Villager (Male) |
| 1:50 | Create | Villager (Male) |
| 1:51 | Create | Villager (Male) |
| 1:58 | Build | Lumber Camp |
| 2:02 | Create | Villager (Male) |
| 2:33 | Create | Villager (Male) |
| 2:56 | Create | Villager (Male) |
| 3:26 | Create | Villager (Male) |
| 3:27 | Create | Villager (Male) |
| 3:40 | Build | Mill |
| 3:53 | Create | Villager (Male) |
| 4:03 | Build | House |
| 4:14 | Create | Villager (Male) |
| 4:37 | Create | Villager (Male) |
| 4:55 | Create | Villager (Male) |
| 5:29 | Create | Villager (Male) |
| 5:32 | Create | Villager (Male) |
| 5:43 | Build | House |
| 5:46 | Build | House |
| 5:52 | Create | Villager (Male) |
| 6:17 | Create | Villager (Male) |
| 6:36 | Create | Villager (Male) |
| 6:52 | Build | Barracks |
| 7:03 | Create | Villager (Male) |
| 7:29 | Create | Villager (Male) |
| 7:40 | Build | House |
| 7:47 | Create | Villager (Male) |
| 8:18 | Create | Villager (Male) |
| 9:15 | Create | Villager (Male) |
| 9:15 | Create | Villager (Male) |
| 9:27 | Build | Mining Camp |
| 9:45 | Research | Feudal Age |
| 10:45 | Create | Villager (Male) |
| 10:45 | Create | Villager (Male) |
| 11:01 | Create | Villager (Male) |
| 11:30 | Build | House |
| 11:31 | Build | House |
| 11:44 | Build | Farm |
| 11:45 | Build | Farm |
| 11:47 | Build | Farm |
| 11:48 | Build | Farm |
| 11:50 | Build | Farm |
| 11:55 | Age | Feudal Age |
| 11:57 | Build | Farm |
| 12:03 | Research | Double-Bit Axe |
| 12:08 | Build | Farm |
| 12:11 | Build | Farm |
| 12:15 | Build | Farm |
| 12:17 | Build | Farm |
| 12:28 | Create | Villager (Male) |
| 12:29 | Create | Villager (Male) |
| 12:47 | Build | Blacksmith |
| 12:52 | Create | Villager (Male) |
| 13:05 | Create | Spearman |
| 13:17 | Create | Villager (Male) |
| 13:21 | Research | Horse Collar |
| 13:31 | Build | House |
| 13:38 | Create | Villager (Male) |
| 13:38 | Create | Villager (Male) |
| 14:19 | Build | Market |
| 14:23 | Create | Villager (Male) |
| 14:28 | Build | Farm |
| 14:30 | Build | Farm |
| 14:53 | Research | Forging |
| 14:57 | Create | Militia |
| 14:57 | Create | Militia |
| 14:58 | Create | Militia |
| 15:02 | Create | Militia |
| 15:11 | Research | Man-at-Arms (upgrade) |
| 15:21 | Build | Archery Range |
| 15:26 | Create | Villager (Male) |
| 15:39 | Research | Gold Mining |
| 15:48 | Build | Mill |
| 15:57 | Create | Villager (Male) |
| 16:03 | Research | Fletching |
| 16:19 | Create | Archer |
| 16:19 | Create | Archer |
| 16:24 | Create | Militia |
| 16:25 | Research | Arson |
| 17:14 | Create | Militia |
| 17:14 | Create | Militia |
| 17:18 | Create | Archer |
| 17:43 | Create | Villager (Male) |
| 17:43 | Create | Villager (Male) |
| 17:52 | Build | Farm |
| 17:54 | Build | Farm |
| 17:57 | Build | Farm |
| 17:58 | Build | Farm |
| 17:59 | Build | Farm |
| 18:11 | Create | Villager (Male) |
| 18:12 | Create | Villager (Male) |
| 18:17 | Create | Spearman |
| 18:17 | Create | Spearman |
| 18:37 | Research | Scale Mail Armor |
| 18:44 | Build | House |
| 18:46 | Build | House |
| 18:56 | Build | Archery Range |
| 19:12 | Create | Villager (Male) |
| 19:25 | Build | Farm |
| 19:27 | Build | Farm |
| 19:28 | Build | Farm |
| 19:30 | Build | Farm |
| 19:33 | Research | Loom |
| 19:34 | Create | Villager (Male) |
| 19:34 | Create | Villager (Male) |
| 19:44 | Create | Spearman |
| 19:45 | Create | Spearman |
| 20:22 | Research | Castle Age |
| 20:35 | Create | Spearman |
| 20:35 | Create | Spearman |
| 20:36 | Create | Spearman |
| 20:41 | Create | Archer |
| 20:41 | Create | Archer |
| 20:41 | Create | Archer |
| 20:42 | Create | Archer |
| 20:50 | Create | Villager (Male) |
| 20:50 | Create | Villager (Male) |
| 20:51 | Create | Villager (Male) |
| 21:27 | Build | Mining Camp |
| 21:33 | Research | Padded Archer Armor |
| 21:36 | Create | Archer |
| 21:36 | Create | Archer |
| 21:42 | Create | Spearman |
| 21:43 | Create | Spearman |
| 22:14 | Research | Stone Mining |
| 22:27 | Build | House |
| 22:37 | Build | House |
| 22:39 | Build | House |
| 22:41 | Build | House |
| 22:42 | Build | House |
| 22:52 | Research | Town Watch |
| 23:28 | Age | Castle Age |
| 23:30 | Research | Bow Saw |
| 23:32 | Research | Heavy Plow |
| 23:35 | Research | Gold Shaft Mining |
| 23:52 | Build | Town Center |
| 23:59 | Research | Pikeman (upgrade) |
| 24:05 | Research | Iron Casting |
| 24:14 | Research | Crossbowman (upgrade) |
| 24:24 | Build | Town Center |
| 24:32 | Create | Archer |
| 24:33 | Create | Archer |
| 24:33 | Create | Archer |
| 24:45 | Build | House |
| 24:52 | Build | University |
Match timeline
| 5:12 | Rev11 · first_building Barracks |
| 6:52 | dominik.feuchti · first_building Barracks |
| 10:46 | Rev11 · age_up feudal |
| 11:50 | Rev11 · first_market_sell 100 stone |
| 11:51 | Rev11 · first_market_buy 100 food |
| 11:55 | dominik.feuchti · age_up feudal |
| 13:53 | Rev11 · first_building Stable |
| 15:00 | Rev11 · age_up castle |
| 15:18 | Rev11 · first_building Monastery |
| 15:21 | dominik.feuchti · first_building Archery Range |
| 20:11 | dominik.feuchti · first_market_buy 100 food |
| 20:15 | dominik.feuchti · first_market_sell 100 wood |
| 23:28 | dominik.feuchti · age_up castle |
| 26:13 | dominik.feuchti · first_building Siege Workshop |
| 28:20 | dominik.feuchti · first_building Castle |
| 30:31 | Rev11 · first_building Castle |
| 34:53 | Rev11 · age_up imperial |
| 39:51 | dominik.feuchti · age_up imperial |
| 53:00 | dominik.feuchti · wall_segment Stone Wall x1 |
| 66:31 | dominik.feuchti · resign |
[ AI ANALYSIS · 1 CREDIT ]
What really happened in this match?
Wolo.gg analyzes every decision: build order, eco, micro, common mistakes by bracket. Personalized analysis on WhatsApp or Discord in 30 seconds.
Civ guide
Teutons
Perfil
Jugador #5698628